 Dungeon Crawl Stone Soup version 0.27-a0-40-g5f2be0e231 (webtiles) character file.

Game seed: 2562347743361472307

707 sahdkjhfkaj the Ruffian (level 7, -12/70 HPs)
             Began as a Troll Wanderer on Jan 6, 2021.
             Mangled by Prince Ribbit (19 damage)
             ... on level 6 of the Dungeon.
             The game lasted 00:04:52 (2497 turns).

sahdkjhfkaj the Ruffian (Troll Wanderer)            Turns: 2497, Time: 00:04:53

Health: -12/70     AC:  6    Str: 21    XL:     7   Next: 40%
Magic:  6/6        EV: 10    Int:  8    God:
Gold:   144        SH:  0    Dex: 11    Spells: 6/6 levels left

rFire    . . .     SeeInvis .     - Unarmed
rCold    . . .     Faith    .   (no shield)
rNeg     . . .     Spirit   .   c - +0 robe
rPois    .         Reflect  .   (helmet restricted)
rElec    .         Harm     .   (no cloak)
rCorr    .         Rampage  .   (gloves unavailable)
Will     .....                  (boots unavailable)
Stlth    +.........             l - amulet of magic regeneration
HPRegen  0.61/turn              (no ring)
MPRegen  0.35/turn              (no ring)

@: no status effects
A: large, unfitting armour, claws 3, regeneration 1, shaggy fur 1, tough skin 3
a: no special abilities


You were on level 6 of the Dungeon.
You visited 1 branch of the dungeon, and saw 6 of its levels.

You collected 144 gold pieces.

Inventory:

Missiles
 b - 2 curare-tipped darts (quivered)
 n - 4 poisoned darts
Armour
 c - a +0 robe (worn)
Jewellery
 l - an amulet of magic regeneration (around neck)
Wands
 h - a wand of acid (10)
Scrolls
 d - 2 scrolls of teleportation {!r}
 m - 2 scrolls of remove curse
 o - a scroll of immolation
 p - a scroll of magic mapping
 q - a scroll of fear {unknown}
 r - a scroll of enchant armour {unknown}
 s - a scroll of random uselessness {unknown}
Potions
 a - a potion of invisibility {unknown}
 e - a potion of haste {unknown}
 g - a potion of resistance {unknown}
 i - 3 potions of mutation
 j - a potion of might {unknown}
 k - 2 potions of curing {unknown}


   Skills:
 + Level 4.1 Fighting
 - Level 1.7 Maces & Flails
 - Level 1.0 Throwing
 - Level 2.4 Dodging
 - Level 7.0 Unarmed Combat
 - Level 1.0 Evocations


You had 6 spell levels left.
You didn't know any spells.
Your spell library was empty.

Dungeon Overview and Level Annotations

Branches:
Dungeon (7/15)
 Temple: D:4-7

Altars:

Annotations:
D:6 Prince Ribbit


Innate Abilities, Weirdness & Mutations

You are too large for most types of armour.
You have claws for hands.
Your natural rate of healing is unusually fast.
You are covered in fur. (AC +1)
You have extremely tough skin. (AC +3)


Message History

Prince Ribbit is moderately wounded.
Prince Ribbit barely misses you.
You barely miss Prince Ribbit. Your claw misses Prince Ribbit.
Prince Ribbit is moderately wounded.
Prince Ribbit hits you.
* * * LOW HITPOINT WARNING * * *
Prince Ribbit hits you.
* * * LOW HITPOINT WARNING * * *
You barely miss Prince Ribbit.
Prince Ribbit is moderately wounded.
Prince Ribbit misses you.
Unknown command.
You barely miss Prince Ribbit.
Prince Ribbit is moderately wounded.
Prince Ribbit hits you!
* * * LOW HITPOINT WARNING * * *
You barely miss Prince Ribbit.
Prince Ribbit is moderately wounded.
Prince Ribbit hits you!!
You die...

..........#
#....^....######
#.......>......?
#....[.........#
.......†..####.#
#.........#
.........##
.......†..##
.....)F@...#
......(.....#
.(..........#
............#
............#
.........<..#
...........#.
.....(.<..#...


You could see Prince Ribbit.

Vanquished Creatures
  Sigmund (D:2)
  Edmund (D:3)
  A bullfrog (D:6)
  A hound (D:6)
  A bullfrog skeleton (D:6)
  2 orc priests
  An orc wizard (D:3)
  A worker ant (D:3)
  Natasha (D:4)
  A gnoll (D:1)
  7 adders
  A shadow imp (D:6)
  3 oozes
  A worm (D:2)
  2 dart slugs (D:3)
  4 leopard geckos
  4 orcs
  7 bats
  3 giant cockroaches
  8 hobgoblins
  10 kobolds
  8 frilled lizards
  9 goblins
  A leopard gecko skeleton (D:4)
  13 rats
92 creatures vanquished.

Notes
Turn   | Place    | Note
-------+----------+-------------------------------------------
     0 | D:1      | sahdkjhfkaj the Troll Wanderer began the quest for the Orb.
     0 | D:1      | sahdkjhfkaj set off with the following items: a +2 dagger,
                  | 3 curare-tipped darts, a +0 robe, a scroll of teleportation
                  | {!r}
     0 | D:1      | Reached XP level 1. HP: 22/22 MP: 0/0
    99 | D:1      | Reached skill level 1 in Unarmed Combat
   246 | D:1      | Reached XP level 2. HP: 29/29 MP: 1/1
   334 | D:1      | Reached skill level 2 in Unarmed Combat
   450 | D:1      | Reached XP level 3. HP: 36/36 MP: 2/2
   773 | D:2      | Reached skill level 3 in Unarmed Combat
   866 | D:2      | Reached XP level 4. HP: 44/44 MP: 3/3
   973 | D:2      | Noticed Sigmund
  1001 | D:2      | Killed Sigmund
  1002 | D:2      | Reached skill level 4 in Unarmed Combat
  1002 | D:2      | Reached skill level 5 in Unarmed Combat
  1002 | D:2      | Reached XP level 5. HP: 27/53 MP: 4/4
  1414 | D:3      | Found a faded altar of an unknown god.
  1472 | D:3      | Reached XP level 6. HP: 61/61 MP: 5/5
  2258 | D:4      | Noticed Edmund
  2280 | D:3      | Killed Edmund
  2281 | D:3      | Reached skill level 6 in Unarmed Combat
  2281 | D:3      | Reached XP level 7. HP: 18/70 MP: 6/6
  2423 | D:4      | Noticed Natasha
  2427 | D:4      | Killed Natasha
  2441 | D:4      | You fall into a shaft and drop 3 floors!
  2469 | D:6      | Noticed Prince Ribbit
  2489 | D:6      | Reached skill level 7 in Unarmed Combat
  2497 | D:6      | Mangled by Prince Ribbit

Illustrated notes

Levels and vault maps discovered:
D:1:      psy_arrival_terrarium, layout_basic
D:2:      layout_loops_ring, uniq_sigmund
D:3:      layout_basic, chequers_ecumenical_altar_simple_redux
D:4:      layout_basic, enter_ossuary_4, uniq_edmund, uniq_natasha
D:6:      layout_rooms, kennysheep_generic_room_7, uniq_prince_ribbit1
D:7:      layout_cave_pools, serial_shops, kennysheep_mini_moat,
          kennysheep_little_box, shop, shop, shop_statue,
          nicolae_tso_carved_into_rock, uniq_harold

Skill      XL: |  1  2  3  4  5  6  7 |
---------------+----------------------+-----
Unarmed Combat | 1 2 3 5 6 7 |  7.0
Fighting       | 3 4 |  4.1
Maces & Flails | |  1.7
Throwing       | |  1.0
Dodging        | |  2.4
Evocations     | |  1.0

Action                   |  1- 3 |  4- 6 |  7- 9 || total
-------------------------+-------+-------+-------++-------
Melee: Unarmed           |    85 |   107 |    44 ||   236
       Punch             |       |     1 |       ||     1
Throw: Dart              |       |     1 |       ||     1
  Use: Potion            |     1 |     1 |     1 ||     3
       Scroll            |       |     6 |     1 ||     7
 Stab: Sleeping          |       |     1 |       ||     1
Armor: Robe              |    24 |    27 |    12 ||    63
Dodge: Dodged            |    45 |    54 |    28 ||   127

Table legend: (Time is in decaauts)
 A = Elapsed time spent in this place.
 B = Non-inter-level travel time spent in this place.
 C = Inter-level travel time spent in this place.
 D = Time resting spent in this place.
 E = Time spent auto-exploring this place.
 F = Levels seen in this place.
 G = Mean time per level.
                   A        B        C        D        E       F      G
               +--------+--------+--------+--------+--------+-----+--------+
         Total |   2477 |   2415 |     62 |    161 |   1683 |   6 |  412.8 |
       Dungeon |   2477 |   2415 |     62 |    161 |   1683 |   6 |  412.8 |
               +--------+--------+--------+--------+--------+-----+--------+

Top non-repeatable levels by time:
     D:3: 999 daAuts
     D:1: 748 daAuts
     D:2: 585 daAuts
     D:4: 91 daAuts
     D:6: 30 daAuts
     D:7: 21 daAuts
